 Dungeon Crawl Stone Soup version 0.22-a0-362-g535178c (webtiles) character file.

429 Amnesiac the Grave Robber (level 6, -4/43 HPs)
             Began as a Mummy Necromancer on Apr 19, 2018.
             Was a Follower of Sif Muna.
             Splashed by Ijyb's acid (12 damage)
             ... on level 5 of the Dungeon.
             The game lasted 00:06:51 (4557 turns).

Amnesiac the Grave Robber (Mummy Necromancer)       Turns: 4557, Time: 00:06:52

Health: -4/43      AC:  6    Str: 11    XL:     6   Next: 66%
Magic:  22/22      EV: 12    Int: 16    God:    Sif Muna [*.....]
Gold:   210        SH:  0    Dex: 13    Spells: 11/15 levels left

rFire    x . .     SeeInvis .   c - +0 hunting sling
rCold    + . .     Gourm    .   (no shield)
rNeg     + + +     Faith    .   a - +0 robe
rPois    ∞         Spirit   .   (no helmet)
rElec    .         Reflect  .   m - +0 cloak
rCorr    .         Harm     .   k - +0 pair of gloves
MR       .....                  p - +1 pair of boots
Stlth    ++........             (no amulet)
HPRegen  0.14/turn              j - ring of magical power
MPRegen  0.18/turn              (no ring)

@: divine energy
A: no food or potions, fire vulnerability, cold resistance 1, negative energy
resistance 3, torment resistance, unbreathing
a: Stop Divine Energy, Renounce Religion


You were on level 5 of the Dungeon.
You worshipped Sif Muna.
Sif Muna was aware of your devotion.
You were not hungry.

You visited 2 branches of the dungeon, and saw 7 of its levels.

You collected 210 gold pieces.

Inventory:

Hand Weapons
 c - a +0 hunting sling (weapon)
Missiles
 d - 121 stones
 e - 14 sling bullets (quivered)
Armour
 a - a +0 robe (worn)
 k - a +0 pair of gloves (worn)
 m - a +0 cloak (worn)
 p - a +1 pair of boots (worn)
Jewellery
 j - a ring of magical power (left hand)
 o - an uncursed ring of flight {unknown}
Scrolls
 b - 2 scrolls of magic mapping {!r}
 g - a scroll of blinking {!r}
 h - 3 scrolls of identify {!r}
 i - 2 scrolls of remove curse {!r}
 l - 2 scrolls of teleportation {!r}
 n - 2 scrolls of amnesia {!r, unknown}


   Skills:
 - Level 1.0 Fighting
 - Level 2.0 Dodging
 - Level 1.5 Stealth
 + Level 5.3 Spellcasting
 * Level 6.7 Necromancy


You had 11 spell levels left.
You knew the following spells:

 Your Spells              Type           Power        Failure   Level  Hunger
a - Pain                  Necr           ####         1%          1    N/A
d - Vampiric Draining     Necr           ####......   2%          3    N/A

Dungeon Overview and Level Annotations

Branches:
Dungeon (6/15)             Temple (1/1) D:4

Altars:
Cheibriados
Dithmenos
Elyvilon
Fedhas
Gozag
Hepliaklqana
Kikubaaqudgha
Nemelex Xobeh
Qazlal
Ru
Sif Muna
Trog
Uskayaw
Vehumet
Xom
Yredelemnul
Zin
The Shining One

Annotations:
D:3 TheNamelessOne's ghost, novice OpEE
D:5 Ijyb


Innate Abilities, Weirdness & Mutations

You do not eat or drink.
Your flesh is vulnerable to fire.
You are immune to poison.
Your flesh is cold resistant. (rC+)
You are immune to negative energy. (rN+++)
You are immune to unholy pain and torment.
You can survive without breathing.


Message History

Found a throwing net.
You see here a throwing net.
You enter a teleport trap!
The teleport trap disappears.
Your surroundings suddenly seem different.
Ijyb is nearby!
Ijyb is nearby!
Ijyb is nearby!
Firing (i - inventory. (/) - cycle)
e - 18 sling bullets (quivered)
Press: ? - help, Shift-Dir - straight line, f - Ijyb
Aim: Ijyb, wielding a dagger, wearing a chain mail and carrying a wand of acid (7) (hasn't noticed you)
You shoot a sling bullet.
The sling bullet hits Ijyb but does no damage.
Unknown command.
Firing (i - inventory. (/) - cycle)
e - 17 sling bullets (quivered)
Press: ? - help, Shift-Dir - straight line, f/p - Ijyb
Aim: Ijyb, wielding a dagger, wearing a chain mail and carrying a wand of acid (7)
You shoot a sling bullet. The sling bullet hits Ijyb.
Ijyb is lightly wounded.
Firing (i - inventory. (/) - cycle)
e - 16 sling bullets (quivered)
Press: ? - help, Shift-Dir - straight line, f/p - Ijyb
Aim: Ijyb, wielding a dagger, wearing a chain mail and carrying a wand of acid (7) (lightly wounded)
You shoot a sling bullet. The sling bullet closely misses Ijyb.
Ijyb zaps a wand.
The bolt of acid misses you.
Ijyb screams, "Get away!"
Firing (i - inventory. (/) - cycle)
e - 15 sling bullets (quivered)
Press: ? - help, Shift-Dir - straight line, f/p - Ijyb
Aim: Ijyb, wielding a dagger, wearing a chain mail and carrying a wand of acid (6) (lightly wounded)
You shoot a sling bullet. The sling bullet closely misses Ijyb.
Ijyb screams, "Get away!"
Press: ? - help, v - describe, . - travel
Here: Ijyb, wielding a dagger, wearing a chain mail and carrying a wand of acid (6) (lightly wounded)
The floor.
Unknown command.
Ijyb zaps a wand.
The bolt of acid hits you!
You are splashed with acid!
The acid burns!
* * * LOW HITPOINT WARNING * * *
You see here a long sword.
There is a stone staircase leading down here.
Ijyb zaps a wand.
The bolt of acid hits you!
* * * LOW HITPOINT WARNING * * *
You are splashed with acid!
The acid burns!
* * * LOW HITPOINT WARNING * * *
You climb downwards.
There is a stone staircase leading up here.
You start resting.
HP restored.
You start resting.
HP restored.
You climb upwards.
Level annotation: Ijyb Ijyb zaps a wand.
The bolt of acid misses you.
There is a stone staircase leading down here.
Press: ? - help, v - describe, . - travel
Here: Ijyb, wielding a dagger, wearing a chain mail and carrying a wand of acid (3)
The floor.
Ijyb zaps a wand.
The bolt of acid hits you!
You are splashed with acid!
The acid burns!
* * * LOW HITPOINT WARNING * * *
Ijyb zaps a wand.
The bolt of acid misses you.
Ijyb zaps a wand.
The bolt of acid hits you!
* * * LOW HITPOINT WARNING * * *
You are splashed with acid!
The acid burns!
You die...

..g.....##g# #.##.# #
##########.# #.##.###
####.....#.######## #.##.#..
................(.# #.##.#.#
.##'''##...g#####.## #.##.#(#
.#_._._#......g....#######.##.#..
####8###.....###.#.##....#.##.###
####......#.............##.#..
#......#.#@##.#....####....
##.....#.#.#........#####.#
#######.#.##...........#..
#######.#.##.......###.#.#
..........g.g..###.###.###
###.............#.#......
#..(.....#..#.#.#.#....
########...........#.#.#.#####
#........#########...#)#......


You could see Ijyb.

Vanquished Creatures
  Grinder (D:2)
  A scorpion (D:4)
  A water moccasin skeleton (D:4)
  Crazy Yiuf (D:3)
  A hound skeleton (D:4)
  2 adders
  An adder skeleton (D:4)
  3 worms
  3 dart slugs
  2 leopard geckos
  11 orcs
  A ball python (D:1)
  3 bats
  4 giant cockroaches
  4 goblins
  9 hobgoblins
  3 jackals (D:2)
  2 quokkas
  5 frilled lizards
  7 kobolds
  8 rats
73 creatures vanquished.

Vanquished Creatures (others)
  A giant cockroach (D:5)
1 creature vanquished.

Grand Total: 74 creatures vanquished

Notes
Turn   | Place    | Note
-------+----------+-------------------------------------------
     0 | D:1      | Amnesiac the Mummy Necromancer began the quest for the Orb.
     0 | D:1      | Reached XP level 1. HP: 13/13 MP: 4/4
   201 | D:2      | Reached XP level 2. HP: 20/20 MP: 5/5
   569 | D:4      | Found a staircase to the Ecumenical Temple.
   578 | Temple   | Entered the Ecumenical Temple
   637 | Temple   | Became a worshipper of Sif Muna the Loreminder
   677 | D:3      | Reached skill level 1 in Fighting
   720 | D:3      | Reached XP level 3. HP: 26/26 MP: 2/7
   725 | D:3      | Learned a level 3 spell: Vampiric Draining
  1832 | D:2      | Reached XP level 4. HP: 21/32 MP: 9/9
  2043 | D:3      | Noticed TheNamelessOne's ghost (novice OpEE)
  2081 | D:4      | Reached skill level 5 in Necromancy
  2133 | D:4      | Reached * piety under Sif Muna
  2133 | D:4      | Reached XP level 5. HP: 14/37 MP: 11/11
  2249 | D:3      | Noticed Grinder
  2600 | D:3      | Found a runed door.
  2731 | D:2      | Killed Grinder
  2731 | D:2      | Reached skill level 6 in Necromancy
  2731 | D:2      | Reached XP level 6. HP: 10/43 MP: 13/13
  2973 | D:3      | Noticed Crazy Yiuf
  2979 | D:3      | Killed Crazy Yiuf
  2979 | D:3      | Reached skill level 5 in Spellcasting
  3202 | D:4      | Found an ancient bone altar of Kikubaaqudgha.
  3203 | D:4      | Found a blossoming altar of Fedhas.
  3277 | D:4      | Found a shimmering altar of Xom.
  3278 | D:4      | Found a sparkling altar of Nemelex Xobeh.
  3278 | D:4      | Found a bloodstained altar of Trog.
  3306 | D:4      | Found a shadowy altar of Dithmenos.
  3562 | D:5      | Entered Level 5 of the Dungeon
  3673 | D:5      | Noticed Ijyb
  3676 | D:5      | HP: 1/43 [acid (14)]
  4064 | D:5      | Found a glowing silver altar of Zin.
  4064 | D:5      | Found a white marble altar of Elyvilon.
  4066 | D:5      | Found a glowing golden altar of the Shining One.
  4557 | D:5      | Splashed by Ijyb's acid

Vault maps used:
D:1:      dpeg_arrival_ternary, minmay_pentomino_p2
D:2:      patterned_corridor
D:3:      uniq_crazy_yiuf_cottage, uniq_grinder
D:4:      grunt_temple_overflow_growth_and_decay,
          nicolae_overflow_quartered_altars, minmay_temple_entry_statues,
          kennysheep_generic_room_4
D:5:      good_gods_mini_temple, first_ration, uniq_edmund, uniq_ijyb
D:6:      lightli_temple_of_fire, gammafunk_temple_overflow_arena,
          old_standard_altar, minmay_shop_grid_forest,
          hangedman_abyss_or_decor_stagger
Temple:   nicolae_temple_figure_zero

Skill      XL: |  1  2  3  4  5  6 |
---------------+-------------------+-----
Dodging        | 2 |  2.0
Spellcasting   | 3 4 5 |  5.3
Fighting       | 1 |  1.0
Necromancy     | 5 6 |  6.7
Stealth        | |  1.5

Action                   |  1- 3 |  4- 6 || total
-------------------------+-------+-------++-------
Melee: Unarmed           |     1 |       ||     1
 Fire: Hunting sling     |   107 |   135 ||   242
 Cast: Pain              |    37 |       ||    37
       Vampiric Draining |       |     6 ||     6
Invok: Divine Energy     |       |     1 ||     1
  Use: Scroll            |     3 |     4 ||     7
Armor: Robe              |    10 |    24 ||    34
Dodge: Dodged            |    37 |    54 ||    91

Table legend:
 A = Spawn XP
 B = Non-spawn XP
 C = Spawn XP percentage of total XP
 D = Spawn monster count
 E = Non-spawn monster count
 F = Spawn count percentage of total count
 G = Total turns spent on level
                    A         B        C        D         E        F      G
               +---------+---------+-------+---------+---------+-------+---------
         Total |       0 |     614 |   0.0 |       0 |      73 |   0.0 |  4557
               +---------+---------+-------+---------+---------+-------+---------
           D:1 |       0 |      28 |   0.0 |       0 |      18 |   0.0 |   693
           D:2 |       0 |     303 |   0.0 |       0 |      19 |   0.0 |  1284
           D:3 |       0 |      82 |   0.0 |       0 |      16 |   0.0 |   801
           D:4 |       0 |     187 |   0.0 |       0 |      16 |   0.0 |   776
           D:5 |       0 |      14 |   0.0 |       0 |       4 |   0.0 |   661
               +---------+---------+-------+---------+---------+-------+---------
